 Dungeon Crawl Stone Soup version 0.22-a0-470-g522be1c (webtiles) character file.

60085 JeffiDaFish the Eclecticist (level 14, -2/68 HPs)
             Began as a Deep Elf Earth Elementalist on June 9, 2018.
             Was a High Priest of Sif Muna.
             Killed by mirror damage (11 damage)
             ... on level 13 of the Dungeon on June 13, 2018.
             The game lasted 01:36:43 (29179 turns).

JeffiDaFish the Eclecticist (DEEE)                 Turns: 29179, Time: 01:36:44

Health: -2/68      AC: 18    Str:  5    XL:     14   Next: 55%
Magic:  20/37      EV: 23    Int: 26    God:    Sif Muna [*****.]
Gold:   1148       SH:  0    Dex: 18    Spells: 19/47 levels left

rFire    . . .     SeeInvis .   k - +4 short sword (elec)
rCold    + . .     Gourm    .   (no shield)
rNeg     . . .     Faith    .   p - +2 robe {MR+}
rPois    +         Spirit   .   c - +2 helmet
rElec    .         Reflect  .   l - +2 cloak
rCorr    .         Harm     .   e - +2 pair of gloves
MR       +++..                  u - +2 pair of boots
Stlth    ++........             (no amulet)
HPRegen  0.21/turn              (no ring)
MPRegen  0.25/turn              D - ring of the Eagle {rPois rC+ MR+ Dex+3}

@: divine energy
A: fangs 1, slimy green scales 1
a: Stop Divine Energy, Channel Magic, Forget Spell, Renounce Religion


You were on level 13 of the Dungeon.
You worshipped Sif Muna.
Sif Muna was extremely pleased with you.
You were not hungry.

You visited 3 branches of the dungeon, and saw 20 of its levels.

You collected 1245 gold pieces.
You spent 97 gold pieces at shops.

Inventory:

Hand Weapons
 k - a +4 short sword of electrocution (weapon)
Missiles
 b - 437 stones (quivered)
Armour
 c - a +2 helmet (worn)
 e - a +2 pair of gloves (worn)
 l - a +2 cloak (worn)
 p - a +2 robe of magic resistance (worn)
 u - a +2 pair of boots (worn)
Jewellery
 y - an uncursed ring of flight
 z - an uncursed ring of stealth
 D - the ring of the Eagle (right hand) {rPois rC+ MR+ Dex+3}
   (You found it on level 5 of the Lair of Beasts)

   [ring of poison resistance]

   It affects your dexterity (+3).
   It protects you from cold.
   It protects you from poison.
   It affects your resistance to hostile enchantments.
 I - an uncursed ring of resist corrosion
Wands
 B - a wand of digging (12)
Scrolls
 a - 12 scrolls of remove curse
 h - 17 scrolls of identify
 m - 2 scrolls of fog
 q - a scroll of amnesia
 v - 6 scrolls of teleportation
 H - a scroll of blinking
Potions
 f - 5 potions of curing
 i - 4 potions of heal wounds
 j - a potion of brilliance
 n - a potion of ambrosia
 o - a potion of flight
 r - 2 potions of resistance
 s - a potion of invisibility
 w - 2 potions of haste
 A - a potion of cancellation
Comestibles
 d - 30 rations


   Skills:
 + Level 13.2 Dodging
 - Level 2.5 Stealth
 * Level 17.0 Spellcasting
 * Level 11.9 Conjurations
 - Level 8.7 Necromancy
   Level 1.1 Transmutations
 * Level 14.9 Earth Magic


You had 19 spell levels left.
You knew the following spells:

 Your Spells              Type           Power        Failure   Level  Hunger
a - Sandblast             Erth           ######       0%          1    None
b - Stone Arrow           Conj/Erth      ######       1%          3    None
c - Lee's Rapid Deconstr  Erth           #######...   1%          5    None
d - Borgnjor's Vile Clut  Necr/Erth      ######....   1%          5    None
e - Vampiric Draining     Necr           ######....   1%          3    None
f - Bolt of Magma         Conj/Fire/Erth ######....   1%          5    None
g - Iron Shot             Conj/Erth      #######...   1%          6    ###....

Your spell library contained the following spells:

 Spells                   Type           Power        Failure   Level  Hunger
 Apportation              Tloc           ###...       2%          1    None
 Conjure Flame            Conj/Fire      ######..     1%          3    None
 Bolt of Fire             Conj/Fire      ######....   30%         6    ###....
 Throw Frost              Conj/Ice       ######       1%          2    None
 Venom Bolt               Conj/Pois      ######....   5%          5    None
 Summon Small Mammal      Summ           ###.         2%          1    None
 Lehudib's Crystal Spear  Conj/Erth      #######...   52%         8    ######.
 Blink                    Tloc           N/A          3%          2    None
 Animate Dead             Necr           N/A          1%          4    None
 Pain                     Necr           ####         1%          1    None
 Animate Skeleton         Necr           N/A          1%          1    None
 Poison Arrow             Conj/Pois      ######....   30%         6    ###....
 Regeneration             Chrm/Necr      #####.....   1%          3    None
 Recall                   Summ/Tloc      N/A          7%          3    None
 Statue Form              Tmut/Erth      ######...    13%         6    ###....
 Shadow Creatures         Summ           N/A          98%         6    ###....
 Confusing Touch          Hex            ###...       2%          1    None
 Passwall                 Tmut/Erth      ######..     1%          2    None
 Ensorcelled Hibernation  Hex/Ice        ###...       3%          2    None
 Metabolic Englaciation   Hex/Ice        ###.......   52%         5    None
 Silence                  Hex/Air        ###.......   52%         5    None
 Shatter                  Erth           #######...   99%         9    #######
 Conjure Ball Lightning   Conj/Air       ######....   30%         6    ###....
 Petrify                  Tmut/Erth      ######..     1%          4    None
 Orb of Destruction       Conj           ######....   14%         7    #####..
 Darkness                 Hex            ###.......   98%         6    ###....
 Disjunction              Tloc           ###.......   100%        8    ######.
 Iskenderun's Battlesphe  Conj/Chrm      ######..     5%          5    None
 Spellforged Servitor     Conj/Summ      ######....   86%         7    #####..
 Poisonous Vapours        Pois/Air       ###...       3%          2    None


Dungeon Overview and Level Annotations

Branches:
Dungeon (13/15)            Temple (1/1) D:4            Lair (6/6) D:8
  Swamp (0/4) Lair:4       Spider (0/4) Lair:3        Slime (0/5) Lair:6
    Orc (0/2) D:12         Vaults (0/5) D:13

Altars:
Ashenzari
Cheibriados
Dithmenos
Elyvilon
Fedhas
Gozag
Hepliaklqana
Kikubaaqudgha
Makhleb
Nemelex Xobeh
Okawaru
Qazlal
Ru
Sif Muna
Trog
Uskayaw
Vehumet
Wu Jian
Xom
Yredelemnul
Zin
The Shining One

Shops:
D:6 *   D:9 ?

Annotations:
D:4 SkyDiva's ghost, novice GnWn
Lair:6 Rexfelis's ghost, journeyman MiBe


Innate Abilities, Weirdness & Mutations

You have very sharp teeth.
You are partially covered in slimy green scales. (AC +2)


Message History

The iron shot hits the death knight.
The death knight is moderately wounded.
The death knight reflects your damage back at you!
The zombie hands constrict the death knight!
The death knight reflects your damage back at you!
The death knight struggles to escape constriction.
Casting: Iron Shot (safe; 1% risk of failure)
Confirm with . or Enter, or press ? or * to list all spells.
Aiming: Iron Shot (safe; 1% risk of failure)
Press: ? - help, Shift-Dir - straight line, f/p - death knight
Aim: a death knight, wielding an enchanted halberd and wearing a chain mail (heavily wounded, constricted by zombie hands, reflecting injuries)
The iron shot hits the death knight.
The death knight is almost dead.
The death knight reflects your damage back at you!
* * * LOW HITPOINT WARNING * * *
The zombie hands constrict the death knight!
You kill the death knight!
Sif Muna accepts your kill.
Your damage is reflected back at you!
You die... .. ##....##.............# ...#....##..............# # #.....###..............# ### ##.....#...............#######.. #.............................. ≈P..#####...............<.......# PP.. ####....<.......##.......
PP.

####..........[.......
≈P #.@..###...........
≈≈ #...#####..........
#..)##.............
###.).##.#...........
#....................
#...##.......##......
#...# ##.p...####.....
#..# ##...## ##.###
#... ##W## ##.###


There were no monsters in sight!

Vanquished Creatures
  The ghost of lordlovebone the Carver, a journeyman HuWn of Ashenzari (Lair:6)
  Snorg (D:10)
  Josephine (D:10)
  2 fire dragons
  A rakshasa (D:11)
  4 vault guards
  8 hydras
  A death knight (D:13)
  Erica (D:8)
  A two-headed ogre (D:12)
  Sonja (D:10)
  A skeletal warrior (D:13)
  A swamp dragon (Lair:6)
  2 unseen horrors
  3 ugly things
  A cyclops (D:12)
  A manticore (D:11)
  4 black mambas
  Psyche (D:11)
  9 elephants
  Joseph (D:8)
  An eye of devastation (Lair:6)
  A gargoyle (D:13)
  11 spiny frogs
  A spiny frog (shapeshifter) (D:13)
  3 rime drakes
  7 komodo dragons
  4 kobold demonologists
  A freezing wraith (D:12)
  A polar bear (Lair:2)
  A jumping spider (Lair:3)
  3 trolls
  8 blink frogs (Lair:6)
  12 dream sheep
  A slime creature (D:11)
  8 hippogriffs
  Sigmund (D:3)
  A wyvern (Lair:2)
  A redback (Lair:3)
  A shadow (D:10)
  24 yaks
  6 basilisks
  5 wraiths
  A hungry ghost (D:12)
  A fire elemental (Lair:5)
  Menkaure (D:6)
  Grum (D:8)
  A steam dragon (Lair:6)
  4 swamp worms (Lair:4)
  3 acid dragons
  26 water moccasins
  7 porcupines
  3 eyes of draining
  5 orc warriors
  2 swamp drakes (Lair:6)
  4 ice beasts
  A necrophage (D:11)
  A sky beast (D:11)
  12 wolves
  3 phantoms
  3 centaurs
  7 ogres
  15 crocodiles
  19 big kobolds
  14 bullfrogs
  2 wyvern skeletons
  5 scorpions
  12 killer bees
  4 howler monkeys
  4 bullfrog zombies
  5 electric eels
  6 crimson imps
  A quasit (D:7)
  2 centaur zombies
  3 jellies (D:11)
  5 orc priests
  A gnoll shaman (D:9)
  12 hounds
  10 orc wizards
  Natasha (thrice) (D:2)
  7 bullfrog skeletons
  Ijyb (D:3)
  7 iguanas
  8 worker ants
  A hound zombie (D:6)
  2 hound skeletons
  22 adders
  11 gnolls
  4 shadow imps
  12 white imps (D:12)
  5 oozes (D:11)
  3 worms
  4 dart slugs
  8 leopard geckos
  51 orcs
  7 bats
  2 giant cockroaches
  8 goblins
  10 hobgoblins
  9 jackals
  2 quokkas (D:10)
  4 ball pythons
  5 frilled lizards
  57 kobolds
  A leopard gecko skeleton (D:5)
  4 rats
  A bush (Lair:6)
  6 fungi
  3 plants
622 creatures vanquished.

Vanquished Creatures (others)
  3 bushes (Lair:6)
  9 fungi
  18 plants
30 creatures vanquished.

Grand Total: 652 creatures vanquished

Notes
Turn   | Place    | Note
-------+----------+-------------------------------------------
     0 | D:1      | JeffiDaFish the Deep Elf Earth Elementalist began the quest for the Orb.
     0 | D:1      | Reached XP level 1. HP: 10/10 MP: 6/6
   198 | D:1      | Reached XP level 2. HP: 10/15 MP: 5/8
   322 | D:1      | Gained mutation: You have very sharp teeth. [potion of mutation]
   322 | D:1      | Gained mutation: You are partially covered in slimy green scales. (AC +2) [potion of mutation]
   451 | D:1      | Reached XP level 3. HP: 19/19 MP: 3/10
   591 | D:1      | Learned a level 3 spell: Stone Arrow
  1576 | D:2      | Reached skill level 4 in Spellcasting
  1853 | D:2      | Noticed Natasha
  1856 | D:2      | Killed Natasha
  1856 | D:2      | Reached XP level 4. HP: 24/24 MP: 4/12
  2094 | D:2      | Found an ornate altar of the Wu Jian Council.
  2095 | D:2      | Found a shimmering altar of Xom.
  2168 | D:2      | Noticed Natasha
  2175 | D:2      | Killed Natasha
  2237 | D:2      | Noticed Natasha
  2250 | D:2      | Killed Natasha
  2250 | D:2      | Reached XP level 5. HP: 28/28 MP: 3/13
  2331 | D:2      | Learned a level 5 spell: Lee's Rapid Deconstruction
  2778 | D:3      | Noticed Ijyb
  2875 | D:3      | Killed Ijyb
  2875 | D:3      | Reached skill level 5 in Spellcasting
  2948 | D:3      | Found a blossoming altar of Fedhas.
  2999 | D:3      | Reached skill level 5 in Earth Magic
  2999 | D:3      | Reached XP level 6. HP: 18/32 MP: 1/16
  3149 | D:3      | Found a radiant altar of Vehumet.
  3267 | D:3      | Noticed Sigmund
  3280 | D:3      | Killed Sigmund
  3280 | D:3      | Reached skill level 5 in Dodging
  3280 | D:3      | Reached skill level 6 in Spellcasting
  3737 | D:4      | Noticed SkyDiva's ghost (novice GnWn)
  4000 | D:4      | Found a staircase to the Ecumenical Temple.
  4005 | Temple   | Entered the Ecumenical Temple
  4012 | Temple   | Became a worshipper of Sif Muna the Loreminder
  4424 | D:4      | Reached XP level 7. HP: 36/36 MP: 4/18
  5100 | D:4      | Reached * piety under Sif Muna
  6523 | D:5      | Entered Level 5 of the Dungeon
  6551 | D:5      | Reached skill level 7 in Spellcasting
  7506 | D:5      | Found a glowing silver altar of Zin.
  7527 | D:5      | Found a shattered altar of Ashenzari.
  7568 | D:6      | Reached XP level 8. HP: 41/41 MP: 13/21
  7811 | D:6      | Reached skill level 8 in Spellcasting
  7990 | D:6      | Reached ** piety under Sif Muna
  8434 | D:6      | Found Xousiw's Elemental Accessories.
  8440 | D:6      | Noticed Menkaure
  8444 | D:6      | Killed Menkaure
  8444 | D:6      | Reached skill level 9 in Spellcasting
  8802 | D:7      | Noticed a hippogriff
  8815 | D:7      | Reached XP level 9. HP: 26/45 MP: 8/24
  9184 | D:8      | Noticed Grum
  9459 | D:8      | Killed Grum
  9459 | D:8      | Reached *** piety under Sif Muna
  9459 | D:8      | Reached skill level 10 in Spellcasting
  9697 | D:8      | Noticed Joseph
  9708 | D:8      | Killed Joseph
 10016 | D:8      | Noticed a troll
 10022 | D:8      | Killed a troll
 10293 | D:8      | Upgraded the game from 0.22-a0-460-g49b1da7 to 0.22-a0-467-g5c5de1c
 10295 | D:8      | Learned a level 1 spell: Animate Skeleton
 10575 | D:8      | Found a staircase to the Lair.
 10619 | D:8      | Reached skill level 11 in Spellcasting
 10872 | D:8      | Reached skill level 10 in Dodging
 10955 | D:8      | Reached XP level 10. HP: 50/50 MP: 19/27
 11038 | D:8      | Noticed Erica
 11043 | D:8      | Killed Erica
 11043 | D:8      | Reached skill level 1 in Conjurations
 11043 | D:8      | Reached skill level 1 in Necromancy
 11043 | D:8      | Reached skill level 10 in Earth Magic
 11172 | D:9      | Reached **** piety under Sif Muna
 11388 | D:9      | Found Jaror's Magic Scroll Shoppe.
 11394 | D:9      | Bought a scroll of enchant weapon for 97 gold pieces
 11805 | D:9      | Found a burning altar of Makhleb.
 12113 | D:10     | Entered Level 10 of the Dungeon
 12136 | D:10     | Noticed Josephine
 12142 | D:10     | Killed Josephine
 12142 | D:10     | Reached skill level 12 in Spellcasting
 12301 | D:10     | Noticed Snorg
 12306 | D:10     | Killed Snorg
 12306 | D:10     | Reached ***** piety under Sif Muna
 12323 | D:10     | Received a gift from Sif Muna
 12323 | D:10     | Reached XP level 11. HP: 47/54 MP: 1/29
 12458 | D:10     | Learned a level 3 spell: Vampiric Draining
 12594 | D:10     | Reached skill level 5 in Conjurations
 12989 | D:10     | Noticed Sonja
 13100 | D:10     | Killed Sonja
 13693 | Lair:1   | Entered Level 1 of the Lair of Beasts
 13713 | Lair:1   | Reached skill level 13 in Spellcasting
 14188 | Lair:1   | Reached skill level 5 in Necromancy
 14288 | Lair:1   | Noticed a five-headed hydra
 14293 | Lair:1   | Killed a five-headed hydra
 14556 | Lair:1   | Noticed an eight-headed hydra
 14561 | Lair:1   | Killed an eight-headed hydra
 15020 | Lair:1   | Learned a level 5 spell: Borgnjor's Vile Clutch
 16010 | Lair:2   | Reached XP level 12. HP: 59/59 MP: 22/31
 16593 | Lair:2   | Received a gift from Sif Muna
 16739 | Lair:2   | Upgraded the game from 0.22-a0-467-g5c5de1c to 0.22-a0-469-gf26638a
 16741 | Lair:2   | Noticed a four-headed hydra
 16750 | Lair:2   | Killed a four-headed hydra
 16750 | Lair:2   | Reached skill level 14 in Spellcasting
 16883 | Lair:2   | Learned a level 5 spell: Bolt of Magma
 18714 | Lair:3   | Found a hole to the Spider Nest.
 18906 | Lair:3   | Identified Fosegose's Volume of the Dusty Compass (Sif Muna gifted it to you on level 3 of the Lair of Beasts)
 18906 | Lair:3   | Received a gift from Sif Muna
 19842 | Lair:4   | Found a staircase to the Swamp.
 20208 | Lair:4   | Reached XP level 13. HP: 63/63 MP: 12/33
 20322 | Lair:4   | Reached skill level 15 in Spellcasting
 20366 | Lair:4   | Noticed a fire dragon
 20379 | Lair:4   | Killed a fire dragon
 20726 | Lair:5   | Got a vibrating bone ring
 20737 | Lair:5   | Identified the ring of the Eagle {rPois rC+ MR+ Dex+3} (You found it on level 5 of the Lair of Beasts)
 21286 | Lair:5   | Learned a level 6 spell: Iron Shot
 22212 | Lair:6   | Entered Level 6 of the Lair of Beasts
 22217 | Lair:6   | Reached skill level 10 in Conjurations
 22287 | Lair:6   | Noticed lordlovebone's ghost (journeyman HuWn)
 22871 | Lair:6   | Identified Sif Muna's Compendium of Noxious Clay (Sif Muna gifted it to you on level 6 of the Lair of Beasts)
 22871 | Lair:6   | Received a gift from Sif Muna
 23295 | Lair:6   | Noticed Rexfelis's ghost (journeyman MiBe)
 23324 | Lair:6   | Found a staircase to the Slime Pits.
 23761 | Lair:6   | Killed lordlovebone's ghost
 23761 | Lair:6   | Reached skill level 16 in Spellcasting
 24607 | Lair:6   | Noticed a fire dragon
 24613 | Lair:6   | Killed a fire dragon
 25694 | D:11     | Reached XP level 14. HP: 38/68 MP: 0/36
 26286 | D:11     | Noticed Psyche
 26290 | D:11     | Killed Psyche
 27161 | D:12     | Identified Webyc's Grimoire of Excruciating Cold (Sif Muna gifted it to you on level 12 of the Dungeon)
 27161 | D:12     | Received a gift from Sif Muna
 27847 | D:12     | Found a staircase to the Orcish Mines.
 28784 | D:13     | Found a gate to the Vaults.
 28932 | D:12     | Upgraded the game from 0.22-a0-469-gf26638a to 0.22-a0-470-g522be1c
 28940 | D:12     | Reached skill level 17 in Spellcasting
 29179 | D:13     | Killed by mirror damage

Vault maps used:
D:1:      dpeg_arrival_long_road
D:2:      gammafunk_temple_overflow_statue, uniq_natasha
D:3:      fiery_altar_vehumet, lemuel_doored_altar, first_ration, uniq_sigmund,
          uniq_ijyb
D:4:      minmay_goblin_kobold_castle, temple_doors_e, minmay_misc_feat_roman
D:5:      kennysheep_little_box, zin_statuary, serial_curves, eino_curves_04,
          eino_curves_01
D:6:      nicolae_elemental_shop, uniq_menkaure
D:8:      erik_lair_island, serial_glass, glass_columns_a, glass_columns_a,
          glass_columns_a, glass_columns_a, item_on_display_a,
          due_unseen_surprise, unseen_surprise_small, minmay_strange_pillars,
          uniq_grum, uniq_erica, uniq_joseph
D:9:      makhleb_heckhound_becter, serial_shops, shop
D:10:     special_room, uniq_sonja, uniq_snorg, uniq_josephine
D:11:     hangedman_little_slice_of_home, uniq_psyche
D:12:     orc_0_dummy, portal_ice_cave_entry_imps
D:13:     lightli_vaults_fourway_checkpoint, serial_bayou_lagoon_a,
          hangedman_decor_opposing, uniq_kirke
Temple:   minmay_freezing_vapour_temple
Lair:1:   grunt_forest_small_clearings
Lair:2:   lemuel_reptile_caves, serial_bayou_pond_e, beast_lair_carwin_10
Lair:3:   spider_nest_entry_a, nicolae_volcano_entry_lava_flow, minivault_11
Lair:4:   dragon1_lemuel, nicolae_swamp_entry_splash_gauntlet,
          grunt_megastairs_3, lemuel_fruit_fields
Lair:5:   minmay_holes
Lair:6:   guppyfry_lair_end_dragon, minmay_slime_entry_eyes, minmay_hedge_maze,
          serial_bayou_lagoon_b

Skill      XL: |  1  2  3  4  5  6  7  8  9 10 11 12 13 14 |
---------------+-------------------------------------------+-----
Dodging        | 3 4 5 6 8 10 11 12 13 | 13.2
Earth Magic    | 4 5 6 8 9 10 12 13 14 | 14.9
Spellcasting   | 4 5 6 7 9 11 12 13 14 16 17 | 17.0
Conjurations   | 4 7 9 10 11 | 11.9
Necromancy     | 3 5 7 8 |  8.7
Stealth        | |  2.5
Transmutations | |  1.1

Action                   |  1- 3 |  4- 6 |  7- 9 | 10-12 | 13-15 || total
-------------------------+-------+-------+-------+-------+-------++-------
Melee: Short sword       |    44 |    32 |   143 |   106 |    68 ||   393
       Bite              |     6 |     1 |    11 |     8 |     6 ||    32
 Cast: Sandblast         |    38 |     8 |    61 |    83 |    35 ||   225
       Stone Arrow       |    13 |    65 |    82 |   105 |    54 ||   319
       Lee's Rapid Decon |       |       |    13 |    41 |    30 ||    84
       Borgnjor's Vile C |       |       |       |    42 |    79 ||   121
       Vampiric Draining |       |       |       |     4 |       ||     4
       Bolt of Magma     |       |       |       |    56 |    83 ||   139
       Iron Shot         |       |       |       |       |    42 ||    42
Invok: Divine Energy     |       |       |     1 |       |       ||     1
       Forget Spell      |       |       |       |     1 |       ||     1
 Abil: Evoke Flight      |       |       |       |       |     1 ||     1
  Use: Potion            |     5 |     1 |     3 |     2 |     2 ||    13
       Scroll            |     4 |     4 |     3 |     6 |    10 ||    27
 Stab: Sleeping          |     1 |       |     3 |     1 |       ||     5
  Eat: Chunk             |     4 |     8 |    15 |    28 |    17 ||    72
       Ration            |       |     1 |     2 |     2 |     5 ||    10
Armor: Robe              |    25 |    20 |    31 |    40 |    41 ||   157
Dodge: Dodged            |    65 |    56 |   228 |   186 |   128 ||   663

Table legend:
 A = Spawn XP
 B = Non-spawn XP
 C = Spawn XP percentage of total XP
 D = Spawn monster count
 E = Non-spawn monster count
 F = Spawn count percentage of total count
 G = Total turns spent on level
                    A         B        C        D         E        F      G
               +---------+---------+-------+---------+---------+-------+---------
         Total |       0 |   85837 |   0.0 |       0 |     612 |   0.0 | 29179
               +---------+---------+-------+---------+---------+-------+---------
           D:1 |       0 |      65 |   0.0 |       0 |      34 |   0.0 |  1140
           D:2 |       0 |     161 |   0.0 |       0 |      22 |   0.0 |  1686
           D:3 |       0 |     425 |   0.0 |       0 |      19 |   0.0 |  1068
           D:4 |       0 |     403 |   0.0 |       0 |      56 |   0.0 |  2628
           D:5 |       0 |     341 |   0.0 |       0 |      11 |   0.0 |  1248
           D:6 |       0 |    1072 |   0.0 |       0 |      21 |   0.0 |   861
           D:7 |       0 |     779 |   0.0 |       0 |      18 |   0.0 |   839
           D:8 |       0 |    3235 |   0.0 |       0 |      29 |   0.0 |  1790
           D:9 |       0 |    1368 |   0.0 |       0 |      25 |   0.0 |  1109
          D:10 |       0 |    7619 |   0.0 |       0 |      64 |   0.0 |  1720
          D:11 |       0 |    6185 |   0.0 |       0 |      48 |   0.0 |  1544
          D:12 |       0 |    7828 |   0.0 |       0 |      54 |   0.0 |  1379
          D:13 |       0 |    8060 |   0.0 |       0 |      19 |   0.0 |   403
        Lair:1 |       0 |    6174 |   0.0 |       0 |      18 |   0.0 |  2160
        Lair:2 |       0 |    8339 |   0.0 |       0 |      53 |   0.0 |  2348
        Lair:3 |       0 |    4693 |   0.0 |       0 |      22 |   0.0 |  1124
        Lair:4 |       0 |    4915 |   0.0 |       0 |      19 |   0.0 |  1358
        Lair:5 |       0 |    8191 |   0.0 |       0 |      30 |   0.0 |  2177
        Lair:6 |       0 |   15984 |   0.0 |       0 |      50 |   0.0 |  2584
               +---------+---------+-------+---------+---------+-------+---------
